AoeStats
← Æurosswydd

Nomad

510155137Analyzed
3v3 RM · 2d ago on Sep 29, 2026· 46m 42s· 6 players
Game mode
Random Map
Map size
210×210
Population
200
Speed
Normal
Resources
Standard
Victory
Conquest
Starting age
Dark Age
Ending age
Imperial Age
RankedLock teamsTeams togetherTeam positionsShared explorationLock speedFull tech treeHidden civsTurbo modeCheats
Victory
Defeat
🇨🇦 Japanese · Canada
1061
+15
🇹🇷 Georgians · Türkiye
1010
+17
🇩🇪 Huns · Germany
964
+19
🇭🇺 Romans · Hungary
1045
-17
🇭🇺 Persians · Hungary
1029
-17
🇭🇺 Vietnamese · Hungary
1021
-17
Petinho
7:06 Loom
12:54 Feudal Age
13:25 Double-Bit Axe
13:27 Town Watch
13:37 Gold Mining
15:49 Wheelbarrow
15:19 Fishing Lines
19:31 Castle Age
17:51 Fletching
18:45 Stone Mining
23:34 Bodkin Arrow
31:13 Horse Collar
32:49 Bow Saw
32:58 Pikeman
35:18 Stone Shaft Mining
35:34 Husbandry
35:46 Bloodlines
35:43 Heavy Plow
40:12 Imperial Age
38:15 Forging
38:55 Hand Cart
38:59 Scale Barding Armor
39:19 Masonry
39:34 Town Patrol
40:45 Gold Shaft Mining
41:31 Ballistics
41:43 Architecture
41:53 Conscription
44:15 Conscription
46:05 Murder Holes
Katja
5:35 Loom
13:59 Feudal Age
19:24 Castle Age
18:57 Fletching
19:44 Padded Archer Armor
21:15 Leather Archer Armor
29:02 Double-Bit Axe
31:54 Stone Mining
31:47 Horse Collar
33:29 Stone Shaft Mining
32:45 Gold Mining
34:19 Wheelbarrow
36:35 Chatras
V1gyen
4:57 Loom
12:29 Feudal Age
16:16 Gold Mining
19:01 Castle Age
17:10 Double-Bit Axe
19:09 Bloodlines
19:07 Scale Barding Armor
19:13 Forging
20:27 Bow Saw
20:18 Horse Collar
20:46 Town Watch
21:01 Stone Mining
23:02 Iron Casting
23:56 Wheelbarrow
24:07 Heavy Plow
25:31 Chain Barding Armor
26:43 Hand Cart
27:13 Husbandry
28:00 Man-at-Arms
29:35 Fletching
29:46 Scale Mail Armor
31:08 Bodkin Arrow
33:28 Gold Shaft Mining
35:30 Ballistas
37:18 Long Swordsman
38:24 Ballistics
41:44 Imperial Age
40:28 Coinage
41:51 Cavalier
43:44 Heavy Scorpion
45:42 Chemistry
Æurosswydd
13:25 Loom
15:50 Feudal Age
19:17 Double-Bit Axe
19:22 Horse Collar
21:06 Fletching
29:38 Castle Age
31:12 Stone Mining
34:54 Heavy Plow
34:59 Bodkin Arrow
43:29 Stone Shaft Mining
46:29 Ballistics
46:22 Masonry
nils.odenbach
14:52 Feudal Age
15:18 Double-Bit Axe
18:53 Castle Age
17:34 Gold Mining
18:31 Stone Mining
20:13 Medium Warships
22:43 Fletching
24:08 Gold Shaft Mining
27:18 Wheelbarrow
26:26 Horse Collar
26:58 Bow Saw
26:32 Fishing Lines
28:55 Hand Cart
30:14 Gillnets
34:47 Imperial Age
36:44 Conscription
35:52 Elite Tarkan
36:45 Marauders
36:35 Cavalier
37:18 Husbandry
37:07 Loom
37:08 Town Watch
37:47 Bloodlines
39:45 Forging
41:02 Atheism
42:03 Iron Casting
41:34 Scale Barding Armor
44:38 Paladin
46:29 Blast Furnace
45:51 Chain Barding Armor
bumap
7:42 Loom
12:55 Feudal Age
13:34 Double-Bit Axe
19:29 Castle Age
17:37 Fishing Lines
18:24 Fletching
21:02 Stone Mining
21:56 Bodkin Arrow
26:00 Wheelbarrow
26:41 Scale Mail Armor
27:26 Forging
27:44 Medium Warships
28:14 Pikeman
29:44 Iron Casting
29:35 Town Watch
32:41 Gambesons
34:37 Bow Saw
36:40 Squires
36:59 Chain Mail Armor
40:18 Imperial Age
39:40 Horse Collar
46:54 Hand Cart
46:06 Elite Skirmisher
Connection lost

Rejoining the realm…

Still unreachable

The connection could not be restored.

Session expired

The server has moved on; the page needs a fresh start.